 Dungeon Crawl Stone Soup version 0.18.1-50-g88ac8fd (webtiles) character file.

110 MadZab the Ruffian (level 4, -1/45 HPs)
             Began as a Troll Berserker on Mar 29, 2017.
             Was a Believer of Trog.
             Slain by a worker ant (4 damage)
             ... on level 4 of the Dungeon.
             The game lasted 00:03:54 (689 turns).

MadZab the Ruffian (Troll Berserker)                 Turns: 689, Time: 00:03:55

Health: -1/45      AC:  5    Str: 25    XL:     4   Next: 61%
Magic:  3/3        EV: 10    Int:  3    God:    Trog [**....]
Gold:   27         SH:  0    Dex: 10    Spells: 0 memorised, 3 levels left

rFire  . . .     SeeInvis .       - Unarmed
rCold  . . .     Gourm    +     a - +0 animal skin
rNeg   . . .     Faith    .     (no shield)
rPois  .         Spirit   .     (helmet restricted)
rElec  .         Dismiss  .     (no cloak)
rCorr  .         Reflect  .     (gloves unavailable)
SustAt .         Harm     .     (boots unavailable)
MR     .....                    (no amulet)
Stlth  +.........               (no ring)
                                (no ring)

@: not resistant to hostile enchantments, very unstealthy
A: unfitting armour, claws 3, fast metabolism 3, gourmand, regeneration 2,
shaggy fur 1, tough skin 2
a: Berserk, Trog's Hand, Burn Spellbooks, Renounce Religion


You were on level 4 of the Dungeon.
You worshipped Trog.
Trog was pleased with you.
You were not hungry.

You visited 1 branch of the dungeon, and saw 4 of its levels.

You collected 27 gold pieces.

Inventory:

Hand Weapons
 e - a +0 short sword
 k - a cursed -3 hand axe
Missiles
 d - 15 stones (quivered)
 m - 25 sling bullets
Armour
 a - a +0 animal skin (worn)
 c - a +0 cloak
 g - a +0 leather armour
Jewellery
 h - a +2 ring of evasion {unknown}
Scrolls
 j - 2 scrolls of blinking {unknown}
 l - a scroll of noise {unknown}
 n - 2 scrolls of fog {unknown}
Potions
 f - a potion of curing
 i - a potion of lignification {unknown}
Comestibles
 b - a bread ration


   Skills:
 + Level 3.1 Fighting
 + Level 3.4 Dodging
 + Level 0.1 Stealth
 + Level 3.7 Unarmed Combat


You had 3 spell levels left.
You didn't know any spells.

Dungeon Overview and Level Annotations

Branches:
Dungeon (4/15)
 Temple: D:4-7

Altars:


Innate Abilities, Weirdness & Mutations

You are too large for most types of armour.
You have claws for hands.
Your metabolism is lightning-fast.
You like to eat raw meat.
You heal very quickly.
You are covered in fur (AC +1).
You have very tough skin (AC +2).


Message History

* * * LOW HITPOINT WARNING * * *
The worker ant misses you. The gnoll hits you with a spear.
* * * LOW HITPOINT WARNING * * *
The worker ant bites you but does no damage.
The gnoll hits you from afar with a spear!
* * * LOW HITPOINT WARNING * * *
Throwing (i - inventory):
d - 17 stones (quivered)
Press: ? - help, Shift-Dir - straight line, f - worker ant
Aim: a worker ant (lightly wounded)
You throw a stone.
The stone closely misses the worker ant.
The stone closely misses the gnoll.
The worker ant barely misses you. The gnoll closely misses you.
The worm bites you but does no damage.
Throwing (i - inventory):
d - 16 stones (quivered)
Press: ? - help, Shift-Dir - straight line, f/p - worker ant
Aim: a worker ant (lightly wounded)
You throw a stone. The stone barely misses the worker ant.
The stone barely misses the gnoll.
The worker ant bites you.
You die...

#.....# ..# #.....#
..#. #.....# ....
##########.....#
..#
#.....(........####
...
#.................#
#
#.....g........##.#
#
#.....aw.......##.#
#
#.....@g.......)..#
#
##########†....####
# #.......#####
###. #.####### ....
#.# #### #.# ####
#######.## ....
.........# ####
########.#


You could see a worm, a worker ant and 2 gnolls.

Vanquished Creatures
  A crimson imp (D:3)
  A hound (D:4)
  2 gnolls (D:4)
  2 worms
  A giant gecko (D:4)
  A giant cockroach (D:2)
  5 goblins
  4 jackals (D:1)
  A bat (D:1)
  A kobold (D:2)
  4 rats
23 creatures vanquished.

Notes
Turn   | Place    | Note
--------------------------------------------------------------
     0 | D:1      | MadZab the Troll Berserker began the quest for the Orb.
     0 | D:1      | Reached XP level 1. HP: 22/22 MP: 0/0
   219 | D:1      | Reached XP level 2. HP: 29/29 MP: 1/1
   424 | D:3      | Noticed a crimson imp
   437 | D:3      | Killed a crimson imp
   437 | D:3      | Reached XP level 3. HP: 35/36 MP: 2/2
   606 | D:4      | Reached ** piety under Trog
   606 | D:4      | Reached XP level 4. HP: 35/45 MP: 3/3
   672 | D:4      | HP: 2/45 [poisoned by a worker ant]
   687 | D:4      | HP: 1/45 [gnoll/spear (8)]
   689 | D:4      | Slain by a worker ant

Skill      XL: |  1  2  3 |
---------------+----------+-----
Dodging        | 3 |  3.4
Fighting       | 3 |  3.1
Stealth        | |  0.1
Unarmed Combat | |  3.7

Action                   |  1- 3 |  4- 6 || total
-------------------------+-------+-------++-------
Melee: Unarmed           |    48 |    25 ||    73
Throw: Stone             |       |     2 ||     2
  Use: Potion            |       |     1 ||     1
  Eat: Bread ration      |     1 |       ||     1
Armor: Animal skin       |    15 |    10 ||    25
Dodge: Dodged            |    13 |    21 ||    34
